 Dungeon Crawl Stone Soup version 0.23.2-1-ga50397a (webtiles) character file.

Game seed: 6895395780482423259

10570 Fang the Fighter (level 11, -2/76 HPs)
             Began as a Gargoyle Berserker on Apr 25, 2019.
             Was a High Priest of Trog.
             Slain by a raiju (4 damage)
             ... on level 1 of the Abyss.
             The game lasted 00:10:45 (9304 turns).

Fang the Fighter (Gargoyle Berserker)               Turns: 9304, Time: 00:10:46

Health: -2/76      AC: 21    Str: 24 (25) XL:     11   Next: 64%
Magic:  11/11      EV:  8    Int:  5      God:    Trog [*****.]
Gold:   624        SH:  0    Dex:  6 (7)  Spells: 10/10 levels left

rFire    . . .     SeeInvis .   y - +3 war axe (elec)
rCold    + . .     Gourm    +   (no shield)
rNeg     + . .     Faith    .   b - +0 plate armour
rPois    ∞         Spirit   .   (no helmet)
rElec    +         Reflect  .   (no cloak)
rCorr    .         Harm     .   (no gloves)
MR       ++...     Rnd*Rage +   (no boots)
Stlth    ..........             n - amulet of the gourmand
HPRegen  1.22/turn              g - ring of protection from cold
MPRegen  0.12/turn              (no ring)

@: berserk cooldown, regenerating, slowed, very slow
A: [berserk 2], [blurry vision 3], [clumsy 1], [deterioration 2], [dopey 1],
negative energy resistance 1, [screaming 1], electricity resistance,
unbreathing, petrification resistance, [no potion heal 2], rot immunity,
[subdued magic 2], AC +8
a: Berserk, Trog's Hand, Brothers in Arms, Renounce Religion


You were on level 1 of the Abyss.
You worshipped Trog.
Trog was extremely pleased with you.
You were very full.

You visited 2 branches of the dungeon, and saw 11 of its levels.
You visited the Abyss 1 time.

You collected 624 gold pieces.

Inventory:

Hand Weapons
 a - a +2 war axe
 y - a +3 war axe of electrocution (weapon)
Armour
 b - a +0 plate armour (worn)
Jewellery
 g - a ring of protection from cold (left hand)
 n - an amulet of the gourmand (around neck)
 p - an uncursed ring of fire
 F - a +3 amulet of reflection
Wands
 l - a wand of acid (3)
 C - a wand of enslavement (6)
 E - a wand of random effects (11)
Scrolls
 i - a scroll of identify
 j - a scroll of blinking
 k - 2 scrolls of teleportation
 q - a scroll of fog
 B - 3 scrolls of remove curse
Potions
 d - a potion of magic
 e - 3 potions of flight
 f - 4 potions of curing
 m - 4 potions of invisibility
 o - 4 potions of might
 r - a potion of brilliance
 t - 2 potions of agility
 w - 2 potions of resistance
 x - a potion of cancellation {unknown}
 z - a potion of haste {unknown}
 A - 3 potions of lignification {unknown}
 D - a potion of berserk rage {unknown}
Comestibles
 c - 20 rations


   Skills:
 + Level 12.4 Fighting
 + Level 10.6 Axes
 + Level 8.7 Armour
 + Level 6.5 Dodging


You had 10 spell levels left.
You didn't know any spells.
Your spell library was empty.

Dungeon Overview and Level Annotations

Branches:
Dungeon (10/15)            Temple (1/1) D:6            Lair (0/6) D:9
    Orc (0/2) D:9

Altars:
Ashenzari
Dithmenos
Gozag
Makhleb
Nemelex Xobeh
Okawaru
Qazlal
Ru
Trog
Xom
Yredelemnul

Shops:
D:8 :   D:9 *

Annotations:
D:10 Sonja


Innate Abilities, Weirdness & Mutations

You are resistant to torment.
Your stone body is resilient. (AC +8)
You are immune to poison.
You resist negative energy. (rN+)
You are resistant to electric shocks. (rElec)
You can survive without breathing.
You are immune to petrification.
You are immune to rotting.
[You often lose your temper in combat.]
[Scrolls take you much longer to read.]
[You are clumsy. (Dex -2)]
[Your body often deteriorates upon taking damage.]
[You are dopey. (Int -2)]
[You occasionally shout uncontrollably at your foes.]
[Potions are poor at restoring your health.]
[Your spells are easier to cast, but less powerful.]


Message History

The living lightning hits you. You resist.
* * * LOW HITPOINT WARNING * * *
The living lightning hits you. You resist.
* * * LOW HITPOINT WARNING * * *
The raiju blinks! x3
You hit the raiju.
The raiju is severely wounded.
You hit the naga.
You kill the naga!
Trog accepts your kill. The raiju closely misses you.
The raiju bites you but does no damage.
You closely miss the raiju.
The raiju is severely wounded.
You miss the raiju.
The raiju bursts into living lightning!
The living lightning hits you. You resist.
* * * LOW HITPOINT WARNING * * *
The living lightning hits you but does no damage.
The raiju blinks! x3; The raiju bites you.
You die...

## #. ##..
.. ## #
#N###.
.##.#)##
#. ..#@#
#.hh#
#..#.#..
#.#.#...##
..... ...#
..####
...# ..
#.. # .
.... #
...#


You could see 2 raiju.

Vanquished Creatures
  Erica (D:8)
  The ghost of LobsterGuardian the Covert, a novice OpFi of Uskayaw (D:7)
  A guardian serpent (Abyss:1)
  A naga mage (Abyss:1)
  A hornet (D:9)
  Grum (D:10)
  A hungry ghost (D:8)
  A naga (Abyss:1)
  4 ice beasts
  An orc warrior (D:7)
  A phantom (D:7)
  8 ogres
  The ghost of KuroHonoo the Skirmisher, an amateur DsMo (D:3)
  2 wolves (D:10)
  2 centaurs
  A crocodile (D:8)
  4 bullfrogs
  52 killer bees
  3 scorpions
  15 wights
  2 howler monkeys
  4 crimson imps
  A bullfrog zombie (D:7)
  4 hounds
  2 jellies
  7 orc wizards
  A quasit (D:9)
  6 orc priests
  4 iguanas
  4 worker ants
  A hound zombie (D:7)
  2 worker ant zombies
  A gnoll (D:1)
  A howler monkey skeleton (D:9)
  9 adders
  5 shadow imps
  2 howler monkey simulacra (D:3)
  An ooze (D:4)
  4 adder zombies
  3 adder skeletons
  2 dart slugs
  3 leopard geckos
  37 orcs
  A ball python (D:3)
  3 giant cockroaches
  2 gnoll zombies (D:8)
  7 goblins
  4 hobgoblins
  5 jackals
  7 kobolds
  5 quokkas
  11 bats
  9 frilled lizards
  A giant cockroach simulacrum (D:3)
  A jackal zombie (D:8)
  2 leopard gecko simulacra (D:3)
  5 rats
271 creatures vanquished.

Notes
Turn   | Place    | Note
-------+----------+-------------------------------------------
     0 | D:1      | Fang the Gargoyle Berserker began the quest for the Orb.
     0 | D:1      | Reached XP level 1. HP: 14/14 MP: 1/1
    49 | D:1      | Reached XP level 2. HP: 11/19 MP: 2/2
   521 | D:1      | Reached XP level 3. HP: 23/23 MP: 3/3
   803 | D:2      | Found a bloodstained altar of Trog.
   803 | D:2      | Found a burning altar of Makhleb.
   859 | D:2      | Found a sparkling altar of Nemelex Xobeh.
   860 | D:2      | Found an opulent altar of Gozag.
  1344 | D:2      | Reached ** piety under Trog
  1452 | D:3      | Reached XP level 4. HP: 25/29 MP: 4/4
  1557 | D:3      | Reached skill level 4 in Fighting
  1875 | D:3      | Found a runed translucent gate.
  1875 | D:3      | Found a runed translucent gate.
  1875 | D:3      | Found a runed translucent gate.
  1920 | D:3      | Noticed KuroHonoo's ghost (amateur DsMo)
  1962 | D:3      | Reached XP level 5. HP: 28/33 MP: 5/5
  2068 | D:3      | Found a shattered altar of Ashenzari.
  2384 | D:3      | Killed KuroHonoo's ghost
  2384 | D:3      | Reached XP level 6. HP: 39/39 MP: 6/6
  2767 | D:4      | Found a shadowy altar of Dithmenos.
  2930 | D:4      | Reached skill level 5 in Fighting
  2930 | D:4      | Reached XP level 7. HP: 19/44 MP: 7/7
  3528 | D:5      | Entered Level 5 of the Dungeon
  3617 | D:5      | Reached skill level 5 in Armour
  3636 | D:5      | Reached *** piety under Trog
  3651 | D:5      | Reached XP level 8. HP: 16/51 MP: 8/8
  4453 | D:5      | Reached skill level 5 in Axes
  4473 | D:5      | Reached skill level 6 in Fighting
  4540 | D:5      | Found a shimmering altar of Xom.
  4542 | D:5      | Found a stormy altar of Qazlal.
  4545 | D:5      | Found a sacrificial altar of Ru.
  5417 | D:6      | Found a sacrificial altar of Ru.
  5559 | D:6      | Found a staircase to the Ecumenical Temple.
  5568 | Temple   | Entered the Ecumenical Temple
  5931 | D:7      | Reached XP level 9. HP: 17/56 MP: 9/9
  6278 | D:7      | Reached skill level 7 in Fighting
  6324 | D:7      | Reached skill level 5 in Dodging
  6325 | D:7      | Reached skill level 11 in Fighting
  6325 | D:7      | Reached XP level 10. HP: 68/70 MP: 10/10
  6396 | D:7      | Reached **** piety under Trog
  6853 | D:7      | Found a runed translucent door.
  6854 | D:7      | Noticed LobsterGuardian's ghost (novice OpFi)
  6899 | D:7      | Killed LobsterGuardian's ghost
  7004 | D:8      | Reached skill level 10 in Axes
  7025 | D:8      | Found an iron altar of Okawaru.
  7046 | D:8      | Found Ichiplo's Book Shoppe.
  7292 | D:8      | Received a gift from Trog
  7322 | D:8      | Noticed Erica
  7334 | D:8      | Killed Erica
  7334 | D:8      | Reached ***** piety under Trog
  7539 | D:8      | Found a basalt altar of Yredelemnul.
  7627 | D:9      | Reached XP level 11. HP: 65/76 MP: 11/11
  7711 | D:9      | Received a gift from Trog
  7723 | D:9      | Reached skill level 12 in Fighting
  7894 | D:9      | Found a staircase to the Lair.
  8182 | D:9      | Found Yzot's Assorted Antiques.
  8504 | D:9      | Found a staircase to the Orcish Mines.
  8652 | D:10     | Entered Level 10 of the Dungeon
  8652 | D:10     | Noticed Grum
  8955 | D:10     | Killed Grum
  9059 | D:10     | Noticed Sonja
  9071 | D:10     | Cast into level 1 of the Abyss (Sonja)
  9210 | Abyss:1  | Noticed a wretched star
  9217 | Abyss:1  | Noticed a wretched star
  9236 | Abyss:1  | HP: 2/76 [raiju/living lightning (5)]
  9302 | Abyss:1  | HP: 3/76 [raiju/living lightning (3)]
  9304 | Abyss:1  | Slain by a raiju

Skill      XL: |  1  2  3  4  5  6  7  8  9 10 11 |
---------------+----------------------------------+-----
Axes           | 3 4 5 9 10 | 10.6
Dodging        | 2 3 4 5 6 |  6.5
Armour         | 3 4 5 6 7 8 |  8.7
Fighting       | 4 5 6 11 12 | 12.4

Action                   |  1- 3 |  4- 6 |  7- 9 | 10-12 || total
-------------------------+-------+-------+-------+-------++-------
Melee: Hand axe          |   115 |   157 |       |       ||   272
       War axe           |       |       |   211 |   378 ||   589
Invok: Berserk           |     1 |     3 |     2 |     2 ||     8
       Trog's Hand       |       |       |       |     2 ||     2
  Use: Scroll            |     1 |       |    14 |     8 ||    23
       Potion            |       |       |     1 |     1 ||     2
 Stab: Sleeping          |       |       |     2 |       ||     2
       Paralysed         |       |       |     1 |       ||     1
  Eat: Chunk             |     3 |    17 |    12 |    19 ||    51
Armor: Animal skin       |    48 |    67 |    55 |       ||   170
       Chain mail        |       |       |    16 |       ||    16
       Plate armour      |       |       |    12 |   355 ||   367
Dodge: Dodged            |   102 |   104 |   144 |   249 ||   599
